 Dungeon Crawl Stone Soup version 0.28-a0-1074-g3cb2360906 (webtiles) character file.

Game seed: 9760944997142457323

2177 AvatarAndi78 the Basher (level 9, 0/78 HPs)
             Began as a Minotaur Berserker on Dec 9, 2021.
             Was a Priest of Trog.
             Slain by an orc warrior (10 damage)
             ... on level 6 of the Dungeon.
             The game lasted 00:09:30 (6283 turns).

AvatarAndi78 the Basher (Minotaur Berserker)        Turns: 6283, Time: 00:09:30

Health: 0/78       AC: 14    Str: 24    XL:     9   Next: 11%
Magic:  8/8        EV:  8    Int:  4    God:    Trog [***...]
Gold:   181        SH:  5    Dex: 12    Spells: 8/8 levels left

rFire   . . .      SeeInvis .   w - +1 dire flail (protect)
rCold   . . .      Faith    .   (shield currently unavailable)
rNeg    . . .      Spirit   .   l - +0 plate armour
rPois   .          Reflect  +   (helmet restricted)
rElec   .          Harm     .   (no cloak)
rCorr   .          Rampage  .   n - +0 pair of gloves
Will    ++...                   (no boots)
Stlth   ..........              i - amulet of reflection
HPRegen 1.23/turn               (no ring)
MPRegen 0.11/turn               (no ring)

@: lethally poisoned (0 -> -21), strong-willed, on berserk cooldown,
regenerating, slowed, very slow
A: horns 2, retaliatory headbutt
a: Renounce Religion, Berserk, Trog's Hand


You were on level 6 of the Dungeon.
You worshipped Trog.
Trog was most pleased with you.
You visited 1 branch of the dungeon, and saw 6 of its levels.

You collected 181 gold pieces.

Inventory:

Hand Weapons
 v - a +1 spear of flaming
 w - a +1 dire flail of protection (weapon)
Armour
 l - a +0 plate armour (worn)
 n - a +0 pair of gloves (worn)
Jewellery
 i - an amulet of reflection (around neck)
Wands
 a - a wand of acid (2)
 s - a wand of iceblast (4)
Scrolls
 c - 2 scrolls of magic mapping {unknown}
 e - 3 scrolls of noise {unknown}
 g - 2 scrolls of fog {unknown}
 h - a scroll of enchant armour {unknown}
 o - 2 scrolls of blinking {unknown}
 p - a scroll of enchant weapon {unknown}
 q - a scroll of vulnerability {unknown}
 r - a scroll of amnesia {unknown}
Potions
 b - 2 potions of curing {unknown}
 d - 3 potions of attraction {unknown}
 f - 2 potions of lignification {unknown}
 j - 4 potions of heal wounds {unknown}
 k - a potion of might {unknown}
 t - 2 potions of haste {unknown}
 u - a potion of flight {unknown}


   Skills:
 + Level 6.8 Fighting
 + Level 5.9(8.4) Axes
 + Level 9.2(10.0) Maces & Flails
 + Level 6.5 Armour
 + Level 3.0 Dodging
 + Level 0.6 Stealth
 + Level 3.7 Shields
 + Level 1.1 Evocations


You had 8 spell levels left.
You didn't know any spells.
Your spell library was empty.

Dungeon Overview and Level Annotations

Branches:
Dungeon (6/15)             Temple (0/1) D:5

Altars:

Shops:
D:2 *


Innate Abilities, Weirdness & Mutations

You have a pair of horns on your head.
You reflexively headbutt those who attack you in melee.


Message History

The shadow imp gestures at you. Pain shoots through your body!
* * * LOW HITPOINT WARNING * * *
The steam dragon breathes steam at you. The ball of steam hits you.
* * * LOW HITPOINT WARNING * * *
You hear a shout!
A red film seems to cover your vision as you go berserk!
You feel yourself moving faster!
You feel mighty! The shadow imp gestures at you. Pain shoots through your body!
* * * LOW HITPOINT WARNING * * *
The steam dragon bites you.
* * * LOW HITPOINT WARNING * * *
The steam dragon claws you but does no damage.
You puncture the steam dragon!
Your weapon exudes an aura of protection.
You kill the steam dragon!
Trog accepts your kill.
The steam dragon scales are intact enough to wear.
The shadow imp hits you but does no damage.
An ogre comes into view. It is wielding a +0 giant club.
You bludgeon the shadow imp!!
You kill the shadow imp!
Trog accepts your kill.
You feel a strong urge to attack something.
You are no longer berserk.
You are exhausted.
You feel yourself slow down.
Found an escape hatch in the ceiling.
An orc warrior comes into view. It is wielding a +2 broad axe of venom.
Your skin crawls.
You feel strong-willed.
An orc priest comes into view. It is wielding a +0 dagger.
The orc warrior hits you with a +2 broad axe of venom!!
* * * LOW HITPOINT WARNING * * *
You are lethally poisoned!
An orc priest comes into view. It is wielding a +0 short sword.
The orc warrior hits you with a +2 broad axe of venom!
You die...

......[.. #...#
......... +...+
......... #...#
......... +...+
#......## #...# #......#
#...# #.^....# #..#
#......#######..#####.#
................@.<...#
.............O.o.###....
..........?......### #
.................o...
.........†........##..
..................#
................o.#
..................#
........[..........#


You could see an orc warrior, an ogre and 2 orc priests.

Vanquished Creatures
  Grinder (D:3)
  2 steam dragons (D:6)
  Edmund (D:5)
  A water moccasin (D:6)
  Duvessa (D:5)
  A black bear (D:6)
  3 ogres
  2 centaurs (D:5)
  2 scorpions (D:5)
  A water moccasin zombie (D:5)
  Dowan (D:5)
  A water moccasin skeleton (D:5)
  2 bullfrog zombies (D:5)
  3 centaur zombies (D:5)
  A hound (D:4)
  A jelly (D:6)
  A gnoll shaman (D:5)
  An iguana (D:5)
  Ijyb (D:5)
  An orc wizard (D:5)
  2 scorpion zombies (D:5)
  A killer bee zombie (D:5)
  3 gnolls (D:5)
  11 adders
  3 shadow imps
  An ufetubus (D:5)
  4 worms
  2 dart slugs
  5 orcs
  8 endoplasms
  3 giant cockroaches
  12 goblins
  12 hobgoblins
  2 quokkas
  13 ball pythons
  4 bats
  3 frilled lizards
  10 kobolds
  5 rats
132 creatures vanquished.

Vanquished Creatures (others)
  A shadow imp (D:6)
  9 plants
  6 withered plants (D:1)
16 creatures vanquished.

Grand Total: 148 creatures vanquished

Notes
Turn   | Place    | Note
-------+----------+-------------------------------------------
     0 | D:1      | AvatarAndi78 the Minotaur Berserker began the quest for the
                  | Orb.
     0 | D:1      | Reached XP level 1. HP: 19/19 MP: 0/0
   330 | D:1      | Reached XP level 2. HP: 26/27 MP: 1/1
   815 | D:1      | Found a faded altar of an unknown god.
   979 | D:1      | Reached XP level 3. HP: 33/33 MP: 2/2
  1174 | D:2      | Found Wisoomu's General Store.
  1271 | D:2      | Reached ** piety under Trog
  1751 | D:2      | Reached XP level 4. HP: 27/41 MP: 3/3
  2121 | D:2      | Reached skill level 5 in Axes
  2750 | D:3      | Noticed Grinder
  2750 | D:3      | Paralysed by Grinder for 4 turns
  2760 | D:3      | Paralysed by Grinder for 4 turns
  2768 | D:3      | Paralysed by Grinder for 6 turns
  2781 | D:3      | Killed Grinder
  2782 | D:3      | Reached skill level 1 in Maces & Flails
  2782 | D:3      | Reached XP level 5. HP: 17/47 MP: 4/4
  2782 | D:3      | Reached XP level 6. HP: 21/55 MP: 5/5
  3038 | D:3      | Reached skill level 2 in Maces & Flails
  3996 | D:4      | Reached skill level 1 in Shields
  4193 | D:4      | Reached skill level 5 in Fighting
  4193 | D:4      | Reached skill level 3 in Maces & Flails
  4193 | D:4      | Reached skill level 5 in Armour
  4607 | D:5      | Entered Level 5 of the Dungeon
  4618 | D:5      | Reached XP level 7. HP: 44/61 MP: 6/6
  4628 | D:5      | Reached *** piety under Trog
  4706 | D:5      | Reached skill level 4 in Maces & Flails
  4972 | D:5      | Reached skill level 5 in Maces & Flails
  5206 | D:5      | Reached skill level 6 in Maces & Flails
  5206 | D:5      | Reached XP level 8. HP: 70/70 MP: 7/7
  5336 | D:5      | Noticed Dowan
  5337 | D:5      | Noticed Duvessa
  5346 | D:5      | Killed Duvessa
  5350 | D:5      | Killed Dowan
  5409 | D:5      | Noticed Ijyb
  5419 | D:5      | Killed Ijyb
  5428 | D:5      | Reached skill level 7 in Maces & Flails
  5639 | D:5      | Noticed Edmund
  5650 | D:5      | Killed Edmund
  5696 | D:5      | Reached skill level 8 in Maces & Flails
  5828 | D:5      | Found a staircase to the Ecumenical Temple.
  6019 | D:6      | Reached skill level 1 in Evocations
  6253 | D:6      | Reached skill level 9 in Maces & Flails
  6253 | D:6      | Reached XP level 9. HP: 57/78 MP: 8/8
  6283 | D:6      | Slain by an orc warrior

Illustrated notes

Levels and vault maps discovered:
D:1:      tarquinn_simple_flora_water_b, layout_rooms,
          shapermc_ecumenical_altar_flowoftime, amcnicky_mini_corridor_feature
D:2:      layout_loops_cross, serial_shops, nicolae_shop_advertising_works
          [nicolae_subvault_shop_adworks], guppyfry_early_lair_pool
D:3:      layout_basic, minmay_shallow_snake_nest, uniq_grinder
D:4:      layout_basic, minivault_4, minmay_goblin_outpost
D:5:      layout_basic, temple_hall_moat, serial_undead, serial_undead_e,
          serial_undead_b, serial_undead_b, serial_undead_f, serial_undead_f,
          serial_undead_d, supply_closet_lemuel, uniq_ijyb, uniq_duvessa,
          uniq_edmund
D:6:      layout_basic, gammafunk_ghost_split, glass_columns_a

Skill      XL: |  1  2  3  4  5  6  7  8 |
---------------+-------------------------+-----
Fighting       | 4 5 6 |  6.8
Axes           | 4 5 |  5.9
Armour         | 4 5 6 |  6.5
Maces & Flails | 1 3 6 9 |  9.2
Shields        | 1 3 |  3.7
Dodging        | 3 |  3.0
Evocations     | 1 |  1.1
Stealth        | |  0.6

Action                   |  1- 3 |  4- 6 |  7- 9 || total
-------------------------+-------+-------+-------++-------
Melee: Hand axe          |   107 |    30 |       ||   137
       Headbutt          |    25 |    23 |    29 ||    77
       Great mace        |       |   115 |   102 ||   217
       Dire flail        |       |       |    41 ||    41
Invok: Berserk           |     2 |     2 |     4 ||     8
       Trog's Hand       |       |       |     1 ||     1
Evoke: Wand              |       |       |     6 ||     6
Armor: Ring mail         |    13 |       |       ||    13
       Chain mail        |    11 |    11 |       ||    22
       Plate armour      |       |    98 |   125 ||   223
Dodge: Dodged            |    51 |    55 |    64 ||   170
Block: Other             |       |    44 |    38 ||    82
       Reflection        |       |       |     1 ||     1

Table legend: (Time is in decaauts)
 A = Elapsed time spent in this place.
 B = Non-inter-level travel time spent in this place.
 C = Inter-level travel time spent in this place.
 D = Time resting spent in this place.
 E = Time spent auto-exploring this place.
 F = Levels seen in this place.
 G = Mean time per level.
                   A        B        C        D        E       F      G
               +--------+--------+--------+--------+--------+-----+--------+
         Total |   6448 |   6236 |    212 |      0 |   5195 |   6 | 1074.7 |
       Dungeon |   6448 |   6236 |    212 |      0 |   5195 |   6 | 1074.7 |
               +--------+--------+--------+--------+--------+-----+--------+

Top non-repeatable levels by time:
     D:5: 1388 daAuts
     D:3: 1312 daAuts
     D:2: 1254 daAuts
     D:1: 1162 daAuts
     D:4: 983 daAuts
     D:6: 347 daAuts
